 Dungeon Crawl Stone Soup version 0.27-a0-1202-ge72e49191c (webtiles) character file.

Game seed: 5430040185000287091

171 Delamore the Poker (level 5, -3/43 HPs)
             Began as a Formicid Fighter on June 2, 2021.
             Was a Believer of Dithmenos.
             Slain by a phantom (8 damage)
             ... on level 4 of the Dungeon.
             The game lasted 00:04:34 (2676 turns).

Delamore the Poker (Formicid Fighter)               Turns: 2676, Time: 00:04:35

Health: -3/43      AC:  6    Str: 21    XL:     5   Next: 81%
Magic:  5/5        EV:  8    Int: 11    God:    Dithmenos [**....]
Gold:   97         SH: 10    Dex:  8    Spells: 4/4 levels left

rFire    + + .     SeeInvis +   a - +1 trident
rCold    . . .     Faith    .   c - +1 kite shield
rNeg     + . .     Spirit   .   b - +0 scale mail
rPois    +         Reflect  .   (helmet unavailable)
rElec    .         Harm     .   (no cloak)
rCorr    .         Rampage  .   (no gloves)
Will     .....                  (no boots)
Stlth    ..........             (no amulet)
HPRegen  0.14/turn              j - ring of flight
MPRegen  0.09/turn              i - ring "Yrcheote" {rPois rF++ rN+ Int+3 Dex-2}

@: mighty, flying, wreathed by umbra
A: permanent stasis, dig shafts and tunnels, antennae 3, four strong arms
a: Dig, Shaft Self, Renounce Religion, Shadow Step


You were on level 4 of the Dungeon.
You worshipped Dithmenos.
Dithmenos was pleased with you.
You visited 1 branch of the dungeon, and saw 4 of its levels.

You collected 155 gold pieces.
You spent 58 gold pieces at shops.

Inventory:

Hand Weapons
 a - a +1 trident (weapon)
Missiles
 e - 14 poisoned darts
Armour
 b - a +0 scale mail (worn)
 c - a +1 kite shield (worn)
Jewellery
 i - the ring "Yrcheote" (right hand) {rPois rF++ rN+ Int+3 Dex-2}
   (You acquired it on level 3 of the Dungeon)

   [ring of positive energy]

   It affects your intelligence (+3).
   It affects your dexterity (-2).
   It greatly protects you from fire.
   It protects you from poison.
   It protects you from negative energy.
 j - a ring of flight (left hand)
Scrolls
 f - 3 scrolls of teleportation
 h - 2 scrolls of enchant weapon
 m - a scroll of blinking {unknown}
Potions
 d - a potion of might


   Skills:
 + Level 4.6 Fighting
 * Level 4.6 Polearms
 - Level 3.2 Armour
 - Level 3.6 Shields


You had 4 spell levels left.
You didn't know any spells.
Your spell library contained the following spells:

 Spells                   Type           Power      Damage    Failure   Level
 Magic Dart               Conj           0%         1d3       97%         1
 Searing Ray              Conj           0%         3d3       99%         2
 Dazzling Flash           Conj/Hex       0%         N/A       100%        3
 Fulminant Prism          Conj/Hex       0%         3d6       100%        4
 Iskenderun's Mystic Bla  Conj/Tloc      0%         2d3       100%        4


Dungeon Overview and Level Annotations

Branches:
Dungeon (4/15)
 Temple: D:4-7

Altars:
Dithmenos
Fedhas
Sif Muna
The Shining One

Shops:
D:2 =   D:3 *


Innate Abilities, Weirdness & Mutations

You cannot be hasted, slowed, berserked, paralysed or teleported.
You can dig through walls and to a lower floor.
You have a pair of large antennae on your head. (SInv)
Your four strong arms can wield two-handed weapons with a shield.


Message History

You feel much better. The gnoll hits you with a +0 spear.
The phantom hits you but does no damage.
You closely miss the gnoll.
The gnoll is lightly wounded.
The gnoll hits you with a +0 spear. The phantom hits you.
You block the gnoll's attack.
You barely miss the gnoll.
The gnoll is lightly wounded.
The phantom barely misses you. The gnoll barely misses you.
You hit the gnoll.
The gnoll is heavily wounded.
The phantom hits you. The gnoll barely misses you.
You puncture the gnoll!
You kill the gnoll!
Dithmenos accepts your kill. The phantom barely misses you.
You block the phantom's attack.
You barely miss the phantom. The phantom hits you!
* * * LOW HITPOINT WARNING * * *
Items here: ))))) ††.
Okay, then.
Okay, then.
Aiming: Shadow Step
Press: ? - help, Dir - move target, p - phantom You can't see that place. [Stash: a +0 halberd (...3)] [the floor.]
Okay, then.
It was a potion of flight.
You feel more buoyant.
The phantom hits you but does no damage.
It was a potion of curing.
You feel better. You block the phantom's attack.
You closely miss the phantom. The phantom hits you!
* * * LOW HITPOINT WARNING * * *
You feel very mighty all of a sudden.
The phantom hits you but does no damage.
You closely miss the phantom. The phantom hits you.
* * * LOW HITPOINT WARNING * * *
Your shield prevents you from hitting the phantom.
The phantom hits you!
You die...

.## ... ... #..####
#.B{.{# ... #{# ###
...##g##########@##
....g..g........#W#
##..#g##########)##
#..#.# #.# #..#.#
#.# ..##.# #.# ...
#.# #.# ### #.# #.#
####.# #.#


You could see a phantom.

Vanquished Creatures
  7 gnolls (D:4)
  6 adders
  2 adder skeletons (D:4)
  2 orcs
  A ball python (D:2)
  3 bats
  3 endoplasms
  5 giant cockroaches
  2 goblins
  A hobgoblin (D:2)
  4 jackals (D:1)
  2 kobolds
  2 quokkas
  2 frilled lizards
  4 rats
46 creatures vanquished.

Notes
Turn   | Place    | Note
-------+----------+-------------------------------------------
     0 | D:1      | Delamore the Formicid Fighter began the quest for the Orb.
     0 | D:1      | Reached XP level 1. HP: 18/18 MP: 1/1
   115 | D:1      | Found a faded altar of an unknown god.
   132 | D:1      | Became a worshipper of Dithmenos the Shadowed
   132 | D:1      | Reached * piety under Dithmenos
   439 | D:1      | Reached XP level 2. HP: 24/24 MP: 2/2
   922 | D:2      | Reached XP level 3. HP: 30/30 MP: 3/3
   962 | D:2      | Found Xougo's Jewellery Emporium.
  1262 | D:2      | Reached XP level 4. HP: 37/37 MP: 4/4
  2095 | D:3      | Found a shimmering blue altar of Sif Muna.
  2149 | D:3      | Found a glowing golden altar of the Shining One.
  2404 | D:3      | Found Adael's Assorted Antiques.
  2407 | D:3      | Bought a scroll labelled LOKLYO WOROWO for 29 gold pieces
  2407 | D:3      | Bought a scroll labelled UDDUISE ZANIA for 29 gold pieces
  2409 | D:3      | Acquired the ring "Yrcheote" {rPois rF++ rN+ Int+3 Dex-2}
  2485 | D:3      | Found a blossoming altar of Fedhas.
  2607 | D:4      | Noticed a phantom
  2628 | D:4      | Reached XP level 5. HP: 31/42 MP: 5/5
  2642 | D:4      | Reached ** piety under Dithmenos
  2676 | D:4      | Slain by a phantom

Illustrated notes

Levels and vault maps discovered:
D:1:      psy_arrival_dodecagon, layout_basic,
          shapermc_ecumenical_altar_starsandcircs
D:2:      layout_basic, serial_shops, shop, kennysheep_generic_room_13
D:3:      layout_basic, lemuel_doored_altar, overflow_temple_1_default,
          nicolae_overflow_crystal_walls, serial_shops, shop
D:4:      layout_loops_ring, kennysheep_mini_moat, makhleb_heckhound_becter,
          tgw_xom, nicolae_ru_great_annihilating_truth, portal_sewer_entry_c,
          minivault_26, minmay_mini_ossuary

Skill      XL: |  1  2  3  4 |
---------------+-------------+-----
Polearms       | 3 4 |  4.6
Fighting       | 4 |  4.6
Armour         | |  3.2
Shields        | |  3.6

Action                   |  1- 3 |  4- 6 || total
-------------------------+-------+-------++-------
Melee: Trident           |    76 |    94 ||   170
  Use: Scroll            |       |     8 ||     8
       Potion            |       |     5 ||     5
Armor: Scale mail        |    27 |    23 ||    50
Dodge: Dodged            |    21 |    36 ||    57
Block: Kite shield       |    29 |    52 ||    81

Table legend: (Time is in decaauts)
 A = Elapsed time spent in this place.
 B = Non-inter-level travel time spent in this place.
 C = Inter-level travel time spent in this place.
 D = Time resting spent in this place.
 E = Time spent auto-exploring this place.
 F = Levels seen in this place.
 G = Mean time per level.
                   A        B        C        D        E       F      G
               +--------+--------+--------+--------+--------+-----+--------+
         Total |   2726 |   2624 |    102 |      0 |   2238 |   4 |  681.5 |
       Dungeon |   2726 |   2624 |    102 |      0 |   2238 |   4 |  681.5 |
               +--------+--------+--------+--------+--------+-----+--------+

Top non-repeatable levels by time:
     D:2: 1020 daAuts
     D:1: 892 daAuts
     D:3: 665 daAuts
     D:4: 148 daAuts
